AoeStats
← Codisius

Arena

508131716Analyzed
1v1 RM · 11d ago on Sep 21, 2026· 71m 34s· 2 players
Game mode
Random Map
Map size
Tiny (2 player)
Population
200
Speed
Normal
Resources
Standard
Victory
Conquest
Starting age
Dark Age
Ending age
Imperial Age
RankedLock teamsTeams togetherTeam positionsShared explorationLock speedFull tech treeHidden civsTurbo modeCheats
Victory
Defeat
🇨🇴 Chinese · Colombia
127
+15
🇦🇷 Lithuanians · Argentina
110
-15
germanmn94
13:14 Feudal Age
14:38 Horse Collar
18:07 Bloodlines
26:27 Castle Age
28:18 Light Cavalry
31:29 Crossbowman
34:09 Town Watch
41:48 Imperial Age
42:00 Heavy Plow
46:48 Double-Bit Axe
47:45 Wheelbarrow
62:10 Scale Barding Armor
62:25 Forging
Codisius
0:44 Loom
15:04 Feudal Age
16:37 Wheelbarrow
15:50 Double-Bit Axe
15:50 Horse Collar
18:57 Gold Mining
18:58 Stone Mining
19:11 Arson
18:47 Man-at-Arms
20:26 Forging
20:17 Scale Mail Armor
20:22 Scale Barding Armor
20:18 Padded Archer Armor
20:13 Fletching
28:18 Castle Age
31:16 Hand Cart
31:14 Bow Saw
31:41 Gold Shaft Mining
31:42 Stone Shaft Mining
31:10 Heavy Plow
36:10 Imperial Age
40:15 Chemistry
40:25 Elite Fire Lancer
43:42 Iron Casting
43:22 Chain Mail Armor
43:28 Chain Barding Armor
43:23 Leather Archer Armor
43:04 Bodkin Arrow
44:43 Ballistics
49:30 Blast Furnace
49:00 Plate Mail Armor
49:06 Plate Barding Armor
48:33 Bracer
53:24 Ring Archer Armor
66:15 Murder Holes
67:15 Cavalier
67:20 Long Swordsman
67:24 Elite Chu Ko Nu
68:08 Two-Handed Swordsman
Connection lost

Rejoining the realm…

Still unreachable

The connection could not be restored.

Session expired

The server has moved on; the page needs a fresh start.